[Event "XIV American Continental-ch 2019"]
[Site "Sao Paulo"]
[Date "2019.07.06"]
[Round "2.3"]
[White "Delgado Ramirez, Neuris"]
[Black "Tsuboi, Edson Kenji"]
[Result "1-0"]
[ECO "B47"]
[WhiteElo "2605"]
[BlackElo "2233"]
[Annotator "RC"]
[PlyCount "63"]
[EventDate "2019.07.05"]
[EventType "swiss"]
[EventCountry "BRA"]
[SourceTitle "playchess.com"]
[Source "ChessBase"]
[SourceQuality "1"]
[TimeControl "40/5400+30:1800+30"]

1. e4 c5 2. Nf3 e6 3. d4 cxd4 4. Nxd4 Nc6 5. Nc3 Qc7 6. a3 a6 7. Be3 Nf6 8. f4 d6 9. Qf3 Bd7 10. O-O-O Nxd4 11. Bxd4 Bc6 12. Bxf6 gxf6 13. f5 Qe7 14. Bc4 O-O-O 15. Rhe1 h5 16. Na2 h4 17. Nb4 Kc7 18. Qc3 Bh6+ 19. Kb1 Bf4 20. Bxa6 Be5 21. Qc4 Qd7 22. Bb5 Ra8 23. Bxc6 bxc6 24. fxe6 fxe6 25. Na6+ Kd8 26. Nc5 Qa7 27. Nxe6+ Ke7 28. Nd4 Bxd4 29. Rxd4 Rhb8 30. Rd3 Rb6 31. e5 fxe5 32. Qxh4+ 1-0

[Event "XIV American Continental-ch 2019"]
[Site "Sao Paulo"]
[Date "2019.07.06"]
[Round "2.4"]
[White "Bouwman, Marcelo Wanderley"]
[Black "Gareyev, Timur"]
[Result "0-1"]
[ECO "B67"]
[WhiteElo "2234"]
[BlackElo "2588"]
[Annotator "RC"]
[PlyCount "76"]
[EventDate "2019.07.05"]
[EventType "swiss"]
[EventCountry "BRA"]
[SourceTitle "playchess.com"]
[Source "ChessBase"]
[SourceQuality "1"]
[TimeControl "40/5400+30:1800+30"]

1. e4 c5 2. Nf3 Nc6 3. d4 cxd4 4. Nxd4 Nf6 5. Nc3 d6 6. Bg5 e6 7. Qd2 a6 8. O-O-O Bd7 9. f4 b5 10. a3 Qb6 11. Be2 Rb8 12. Nb3 Qc7 13. Rhe1 Be7 14. Bf3 h6 15. Bh4 Rd8 16. g4 g5 17. Bg3 gxf4 18. Bxf4 Ne5 19. Be2 Bc6 20. h3 h5 21. g5 Nfd7 22. Kb1 Rb8 23. Nd4 Ba8 24. Nf3 Nf8 25. Rf1 Nfg6 26. Be3 Nc4 27. Bxc4 Qxc4 28. Qd4 O-O 29. b3 Qxd4 30. Nxd4 Rfc8 31. Nde2 Rc7 32. Bd2 a5 33. a4 bxa4 34. Nxa4 Bxe4 35. Nd4 Rc4 36. Ka2 Rxd4 37. c3 Rd3 38. Rf2 Rxh3 0-1

[Event "XIV American Continental-ch 2019"]
[Site "Sao Paulo"]
[Date "2019.07.06"]
[Round "2.5"]
[White "Pichot, Alan"]
[Black "Jodorcovsky Werjivker, Paulo"]
[Result "1-0"]
[ECO "B40"]
[WhiteElo "2579"]
[BlackElo "2228"]
[Annotator "RC"]
[PlyCount "109"]
[EventDate "2019.07.05"]
[EventType "swiss"]
[EventCountry "BRA"]
[SourceTitle "playchess.com"]
[Source "ChessBase"]
[SourceQuality "1"]
[TimeControl "40/5400+30:1800+30"]

1. e4 c5 2. Nf3 e6 3. d4 cxd4 4. Nxd4 Nf6 5. Nc3 Nc6 6. Nxc6 bxc6 7. e5 Nd5 8. Ne4 Bb7 9. Be2 c5 10. O-O Qc7 11. Nd6+ Bxd6 12. exd6 Qc6 13. f3 c4 14. Qd4 O-O 15. Bxc4 Rfc8 16. b3 Qxd6 17. Kh1 Qb6 18. Qe5 f6 19. Qg3 Kh8 20. Qh4 Ba6 21. Bxa6 Qxa6 22. c4 Ne7 23. Bb2 d5 24. cxd5 Nxd5 25. Qe4 Re8 26. f4 Rad8 27. Rf3 Qd6 28. Rh3 h6 29. Rf1 Qf8 30. g4 Kg8 31. Rd3 Qf7 32. h3 f5 33. Qf3 Nf6 34. Re3 Ne4 35. Rg1 Rd2 36. Re2 Red8 37. gxf5 exf5 38. Bxg7 Rxe2 39. Qxe2 Kh7 40. Be5 Rg8 41. Rxg8 Qxg8 42. Qa6 Qa8 43. Kg1 Nd2 44. Qe6 Nf3+ 45. Kf2 Nxe5 46. Qxf5+ Kg8 47. fxe5 Qc6 48. e6 Qb6+ 49. Ke2 Qa6+ 50. Ke3 Qb6+ 51. Kd2 Qd6+ 52. Kc3 Qc7+ 53. Kb2 Qh2+ 54. Ka3 Qd6+ 55. b4 1-0

[Event "XIV American Continental-ch 2019"]
[Site "Sao Paulo"]
[Date "2019.07.06"]
[Round "2.6"]
[White "Cherniack, Alex"]
[Black "Mecking, Henrique"]
[Result "0-1"]
[ECO "D97"]
[WhiteElo "2231"]
[BlackElo "2576"]
[Annotator "RC"]
[PlyCount "66"]
[EventDate "2019.07.05"]
[EventType "swiss"]
[EventCountry "BRA"]
[SourceTitle "playchess.com"]
[Source "ChessBase"]
[SourceQuality "1"]
[TimeControl "40/5400+30:1800+30"]

1. d4 Nf6 2. c4 g6 3. Nc3 d5 4. Nf3 Bg7 5. Qb3 dxc4 6. Qxc4 O-O 7. e4 a6 8. Be2 b5 9. Qb3 Nc6 10. d5 Na5 11. Qc2 c6 12. dxc6 Nxc6 13. Nxb5 Nb4 14. Qb3 Nxa2 15. Qxa2 Be6 16. Qa5 axb5 17. Qxd8 Rfxd8 18. Rxa8 Rxa8 19. e5 Nd7 20. Nd4 Bd5 21. Nxb5 Bxg2 22. Rg1 Ra1 23. Rxg2 Rxc1+ 24. Kd2 Bh6+ 25. Kd3 Nc5+ 26. Kd4 Ne6+ 27. Ke4 Nf4 28. Bf3 Re1+ 29. Kd4 Nxg2 30. Bxg2 Bf4 31. b4 Bxe5+ 32. Kd5 Bxh2 33. Nd4 Bg1 0-1

[Event "XIV American Continental-ch 2019"]
[Site "Sao Paulo"]
[Date "2019.07.06"]
[Round "2.7"]
[White "Supi, Luis Paulo"]
[Black "Pereira, Silvio Cunha"]
[Result "1-0"]
[ECO "C50"]
[WhiteElo "2562"]
[BlackElo "2220"]
[Annotator "RC"]
[PlyCount "144"]
[EventDate "2019.07.05"]
[EventType "swiss"]
[EventCountry "BRA"]
[SourceTitle "playchess.com"]
[Source "ChessBase"]
[SourceQuality "1"]
[TimeControl "40/5400+30:1800+30"]

1. e4 e5 2. Nf3 Nc6 3. Bc4 Bc5 4. O-O d6 5. c3 Bb6 6. d3 Nf6 7. Nbd2 Nh5 8. d4 Nf4 9. Bb5 O-O 10. Nc4 Qf6 11. a4 a6 12. Bxc6 bxc6 13. Re1 Bg4 14. dxe5 dxe5 15. Ncxe5 Bxf3 16. Qxf3 Nh3+ 17. gxh3 Qxe5 18. Bf4 Qf6 19. Qg3 Rad8 20. Qg4 Rfe8 21. a5 Ba7 22. Rad1 h6 23. Bg3 Qe7 24. Qf5 c5 25. Rd5 g6 26. Qe5 Qxe5 27. Rxe5 Rxe5 28. Bxe5 c4 29. Bxc7 Rd2 30. Bg3 Kf8 31. Rb1 Re2 32. b4 cxb3 33. Rxb3 Rxe4 34. Bd6+ Ke8 35. Rb7 Re1+ 36. Kg2 Rd1 37. Re7+ Kd8 38. Rxa7 Rxd6 39. c4 Rf6 40. Kg3 Ke8 41. Rc7 Rf5 42. c5 Kd8 43. Rc6 Kd7 44. Rd6+ Ke7 45. Rxa6 Rxc5 46. Ra7+ Kf6 47. a6 Rg5+ 48. Kf4 Rf5+ 49. Ke3 Re5+ 50. Kd3 Rf5 51. Ke3 Re5+ 52. Kd4 Re6 53. h4 g5 54. hxg5+ hxg5 55. f3 Rb6 56. Kc5 Re6 57. Kd4 Rd6+ 58. Ke3 Re6+ 59. Kf2 Kg6 60. Kg3 Rf6 61. Ra8 Kg7 62. h3 Kh7 63. Kg4 Rf4+ 64. Kxg5 Rxf3 65. Rf8 Ra3 66. Rxf7+ Kg8 67. Ra7 Rxh3 68. Rb7 Ra3 69. Ra7 Rd3 70. Rf7 Rf3 71. Ra7 Rg3+ 72. Kf5 Ra3 1-0

[Event "XIV American Continental-ch 2019"]
[Site "Sao Paulo"]
[Date "2019.07.06"]
[Round "2.8"]
[White "Gasic Merino, Franco"]
[Black "Perez Ponsa, Federico"]
[Result "0-1"]
[ECO "A45"]
[WhiteElo "2226"]
[BlackElo "2560"]
[Annotator "RC"]
[PlyCount "56"]
[EventDate "2019.07.05"]
[EventType "swiss"]
[EventCountry "BRA"]
[SourceTitle "playchess.com"]
[Source "ChessBase"]
[SourceQuality "1"]
[TimeControl "40/5400+30:1800+30"]

1. d4 Nf6 2. g3 c5 3. d5 b5 4. f3 e6 5. e4 c4 6. a4 Qa5+ 7. Bd2 b4 8. dxe6 fxe6 9. c3 Nc6 10. Bxc4 Bc5 11. Be2 O-O 12. Nh3 d5 13. cxb4 Nxb4 14. e5 Nd7 15. f4 Bb7 16. Ra3 Rab8 17. Bg4 Rbe8 18. Rf1 d4 19. Nf2 Qb6 20. a5 Qc7 21. Rb3 Qxa5 22. Na3 Bd5 23. Nd3 Bxb3 24. Qxb3 Nxd3+ 25. Qxd3 Bb4 26. Nc4 Bxd2+ 27. Qxd2 Qd5 28. Bf3 Qxc4 0-1

[Event "XIV American Continental-ch 2019"]
[Site "Sao Paulo"]
[Date "2019.07.06"]
[Round "2.9"]
[White "Fier, Alexandr"]
[Black "Fernandez, Maria Florencia"]
[Result "1-0"]
[ECO "A16"]
[WhiteElo "2547"]
[BlackElo "2220"]
[Annotator "RC"]
[PlyCount "71"]
[EventDate "2019.07.05"]
[EventType "swiss"]
[EventCountry "BRA"]
[SourceTitle "playchess.com"]
[Source "ChessBase"]
[SourceQuality "1"]
[TimeControl "40/5400+30:1800+30"]

1. c4 Nf6 2. Nc3 g6 3. g3 Bg7 4. Bg2 O-O 5. e4 d6 6. Nge2 e5 7. d3 Be6 8. O-O Qd7 9. f4 Bh3 10. f5 Bxg2 11. Kxg2 c6 12. h3 d5 13. cxd5 cxd5 14. Bg5 dxe4 15. dxe4 Qxd1 16. Raxd1 Nbd7 17. Rd6 h6 18. Be3 Rfc8 19. Rfd1 Rc7 20. g4 Bf8 21. R6d2 a6 22. Kf3 g5 23. h4 Bc5 24. Bxc5 Nxc5 25. Rd6 Rc6 26. Rxf6 Rxf6 27. b4 Nxe4 28. Nxe4 Rb6 29. hxg5 hxg5 30. Nxg5 Rxb4 31. Rd7 Rc8 32. Nxf7 Rc2 33. Nxe5 Rxa2 34. f6 Rb3+ 35. Kf2 Rbb2 36. Rg7+ 1-0

[Event "XIV American Continental-ch 2019"]
[Site "Sao Paulo"]
[Date "2019.07.06"]
[Round "2.10"]
[White "Sega, Carlos Alberto"]
[Black "Gonzalez Vidal, Yuri"]
[Result "0-1"]
[ECO "A14"]
[WhiteElo "2220"]
[BlackElo "2547"]
[Annotator "RC"]
[PlyCount "58"]
[EventDate "2019.07.05"]
[EventType "swiss"]
[EventCountry "BRA"]
[SourceTitle "playchess.com"]
[Source "ChessBase"]
[SourceQuality "1"]
[TimeControl "40/5400+30:1800+30"]

1. c4 e6 2. g3 Nf6 3. Bg2 d5 4. Nf3 Be7 5. O-O O-O 6. b3 b6 7. Bb2 Bb7 8. e3 c5 9. Nc3 Qc8 10. cxd5 Nxd5 11. Nxd5 Bxd5 12. d3 Rd8 13. Qe2 Qa6 14. Rfd1 Nd7 15. e4 Bc6 16. Qe3 Qb7 17. Rac1 Rac8 18. h4 h6 19. g4 Qb8 20. g5 Bd6 21. Rb1 Bf4 22. Qe1 hxg5 23. hxg5 Ne5 24. Nxe5 Bxe5 25. Bxe5 Qxe5 26. Qe3 Rd4 27. b4 Rcd8 28. bxc5 bxc5 29. Bf3 Ba4 0-1

[Event "XIV American Continental-ch 2019"]
[Site "Sao Paulo"]
[Date "2019.07.06"]
[Round "2.11"]
[White "Mekhitarian, Krikor Sevag"]
[Black "Terao, Juliana Sayumi"]
[Result "1-0"]
[ECO "E06"]
[WhiteElo "2545"]
[BlackElo "2213"]
[Annotator "RC"]
[PlyCount "83"]
[EventDate "2019.07.05"]
[EventType "swiss"]
[EventCountry "BRA"]
[SourceTitle "playchess.com"]
[Source "ChessBase"]
[SourceQuality "1"]
[TimeControl "40/5400+30:1800+30"]

1. d4 Nf6 2. c4 e6 3. Nf3 d5 4. g3 Be7 5. Bg2 O-O 6. Nc3 dxc4 7. Ne5 Nc6 8. Bxc6 bxc6 9. Nxc6 Qe8 10. Nxe7+ Qxe7 11. Qa4 c5 12. dxc5 Qxc5 13. Be3 Qc7 14. f3 e5 15. O-O-O Be6 16. Qa6 Rfb8 17. Rd2 h6 18. Rhd1 Kh7 19. h4 h5 20. Qd6 Rb7 21. Qxc7 Rxc7 22. Rd8 Rxd8 23. Rxd8 a6 24. Rd6 Bc8 25. Bg5 Ne8 26. Rd8 Bd7 27. Nd5 Rb7 28. Nb6 Bc6 29. Nxc4 f6 30. Be3 Bb5 31. b3 Re7 32. a4 Bxc4 33. bxc4 Nc7 34. Rd6 e4 35. Kd2 Kg6 36. a5 exf3 37. exf3 Kf5 38. Bb6 Ke5 39. Rc6 Ne6 40. Be3 g5 41. Rxa6 Rb7 42. Rb6 {[%emt 0:00:00] Kd5} 1-0

[Event "XIV American Continental-ch 2019"]
[Site "Sao Paulo"]
[Date "2019.07.06"]
[Round "2.12"]
[White "Guimaraes, Wagner Peixoto"]
[Black "Lima, Darcy"]
[Result "1/2-1/2"]
[ECO "E11"]
[WhiteElo "2206"]
[BlackElo "2543"]
[Annotator "RC"]
[PlyCount "97"]
[EventDate "2019.07.05"]
[EventType "swiss"]
[EventCountry "BRA"]
[SourceTitle "playchess.com"]
[Source "ChessBase"]
[SourceQuality "1"]
[TimeControl "40/5400+30:1800+30"]

1. d4 Nf6 2. c4 e6 3. Nf3 Bb4+ 4. Nbd2 d5 5. e3 O-O 6. Bd3 b6 7. O-O Bb7 8. a3 Be7 9. Qc2 Nbd7 10. e4 dxe4 11. Nxe4 c5 12. dxc5 Bxe4 13. Bxe4 Nxe4 14. Qxe4 Nxc5 15. Qe3 Bf6 16. Rb1 Qd3 17. Qxd3 Nxd3 18. b3 Be7 19. a4 e5 20. Be3 Rfd8 21. Rfd1 f5 22. Bg5 Bxg5 23. Nxg5 Nc5 24. b4 Nxa4 25. Ne6 Re8 26. Nc7 Nc3 27. Nxe8 Rxe8 28. g3 h6 29. Rbc1 Nxd1 30. Rxd1 Rc8 31. Rc1 Kf7 32. Kf1 Ke6 33. Ke2 e4 34. Ke3 Ke5 35. c5 bxc5 36. bxc5 Rc6 37. Ra1 a6 38. h4 g5 39. hxg5 hxg5 40. Ra4 f4+ 41. Ke2 fxg3 42. fxg3 Kd5 43. Ke3 Rf6 44. c6 Rf3+ 45. Kd2 Kxc6 46. Rxa6+ Kd7 47. Ra4 e3+ 48. Ke2 Rxg3 49. Re4 1/2-1/2

[Event "XIV American Continental-ch 2019"]
[Site "Sao Paulo"]
[Date "2019.07.06"]
[Round "2.13"]
[White "Garcia Pantoja, Roberto"]
[Black "Albuquerque Junior, Wellington S."]
[Result "1-0"]
[ECO "C65"]
[WhiteElo "2529"]
[BlackElo "2204"]
[Annotator "RC"]
[PlyCount "69"]
[EventDate "2019.07.05"]
[EventType "swiss"]
[EventCountry "BRA"]
[SourceTitle "playchess.com"]
[Source "ChessBase"]
[SourceQuality "1"]
[TimeControl "40/5400+30:1800+30"]

1. e4 e5 2. Nf3 Nc6 3. Bb5 Nf6 4. O-O Bc5 5. c3 O-O 6. d4 Be7 7. Nbd2 exd4 8. e5 Nd5 9. Ne4 a6 10. Ba4 Nb6 11. Bc2 d5 12. exd6 cxd6 13. Nxd4 d5 14. Ng3 g6 15. Bh6 Re8 16. Re1 Bf8 17. Bxf8 Rxf8 18. Nxc6 bxc6 19. Qd4 Nd7 20. Ba4 Bb7 21. Rad1 Qb6 22. Qh4 Qd8 23. Re7 Re8 24. Rxe8+ Qxe8 25. Qb4 Rb8 26. Qd6 Nf8 27. Rxd5 Qe1+ 28. Nf1 cxd5 29. Qxb8 Qe7 30. Ne3 Kg7 31. h3 Ne6 32. Nxd5 Bxd5 33. Qe5+ Qf6 34. Qxd5 Qf4 35. Qd1 1-0

[Event "XIV American Continental-ch 2019"]
[Site "Sao Paulo"]
[Date "2019.07.06"]
[Round "2.14"]
[White "Gauche, Charles"]
[Black "Krysa, Leandro"]
[Result "0-1"]
[ECO "A45"]
[WhiteElo "2200"]
[BlackElo "2517"]
[Annotator "RC"]
[PlyCount "116"]
[EventDate "2019.07.05"]
[EventType "swiss"]
[EventCountry "BRA"]
[SourceTitle "playchess.com"]
[Source "ChessBase"]
[SourceQuality "1"]
[TimeControl "40/5400+30:1800+30"]

1. d4 Nf6 2. Bg5 e6 3. e3 h6 4. Bh4 Nc6 5. Nd2 d6 6. c3 Bd7 7. Bd3 Qe7 8. e4 e5 9. d5 Nd8 10. f3 g6 11. Ne2 Bg7 12. O-O O-O 13. c4 a5 14. b3 c5 15. a3 b6 16. b4 cxb4 17. axb4 Nb7 18. Rb1 Rfb8 19. Bf2 axb4 20. Rxb4 Nc5 21. Qb1 Qd8 22. Bc2 h5 23. Be3 Ra3 24. Bg5 Qc7 25. Qb2 Rba8 26. Nc3 Kh7 27. Rb1 R8a6 28. Rf1 Ng8 29. Ndb1 Ra1 30. Qc1 Nd3 31. Bxd3 Qc5+ 32. Be3 Qxb4 33. c5 bxc5 34. Bxa6 Rxa6 35. Qc2 Bh6 36. Bf2 Nf6 37. h3 Ne8 38. g4 Nc7 39. Kg2 Ra8 40. Bh4 Nb5 41. g5 Bf8 42. Rf2 Be7 43. Qc1 Nxc3 44. Nxc3 Ra3 45. Na2 Qb3 46. Qd2 Bd8 47. Nc1 Qb1 48. Qb2 Ra1 49. Qxb1 Rxb1 50. Rc2 Bb5 51. f4 exf4 52. Kf3 Ba5 53. Bf2 Ba4 54. Ra2 Bd1+ 55. Kxf4 Bc3 56. Ne2 Be5+ 57. Kf3 c4 58. Bg3 Bxe2+ 0-1

[Event "XIV American Continental-ch 2019"]
[Site "Sao Paulo"]
[Date "2019.07.06"]
[Round "2.15"]
[White "Barbosa, Evandro Amorim"]
[Black "Labussiere, Victor"]
[Result "1-0"]
[ECO "B31"]
[WhiteElo "2506"]
[BlackElo "2194"]
[Annotator "RC"]
[PlyCount "99"]
[EventDate "2019.07.05"]
[EventType "swiss"]
[EventCountry "BRA"]
[SourceTitle "playchess.com"]
[Source "ChessBase"]
[SourceQuality "1"]
[TimeControl "40/5400+30:1800+30"]

1. e4 c5 2. Nf3 Nc6 3. Bb5 g6 4. O-O Bg7 5. Re1 Nf6 6. e5 Nd5 7. Nc3 Nc7 8. Bxc6 dxc6 9. Ne4 Ne6 10. d3 O-O 11. Be3 b6 12. Qd2 f5 13. exf6 exf6 14. Bh6 Nc7 15. Bxg7 Kxg7 16. Qf4 Be6 17. Re2 Qd7 18. Rae1 Rae8 19. h4 h5 20. Nfd2 Bd5 21. Qg3 Re6 22. c4 Bxe4 23. dxe4 Qd6 24. f4 f5 25. e5 Qd4+ 26. Kh2 Re7 27. b3 Ne6 28. Rf2 Rd8 29. Nf1 Red7 30. Qf3 b5 31. Ne3 b4 32. Qxc6 Nxf4 33. Rd1 Nd3 34. Qf6+ Kh7 35. Rxd3 Qxd3 36. Nxf5 gxf5 37. Rxf5 Rg7 38. Rxh5+ Kg8 39. Qe6+ Rf7 40. Qh6 Rg7 41. Qh8+ Kf7 42. e6+ Kf6 43. Rh6+ Kf5 44. Qxg7 Qd6+ 45. Qg3 Qxg3+ 46. Kxg3 Rd3+ 47. Kf2 Rd2+ 48. Kf3 Rd3+ 49. Ke2 Rg3 50. Kf2 1-0

[Event "XIV American Continental-ch 2019"]
[Site "Sao Paulo"]
[Date "2019.07.06"]
[Round "2.16"]
[White "Gonzalez, Bolivar Ribeiro"]
[Black "Di Berardino, Diego Rafael"]
[Result "1/2-1/2"]
[ECO "C50"]
[WhiteElo "2193"]
[BlackElo "2506"]
[Annotator "RC"]
[PlyCount "122"]
[EventDate "2019.07.05"]
[EventType "swiss"]
[EventCountry "BRA"]
[SourceTitle "playchess.com"]
[Source "ChessBase"]
[SourceQuality "1"]
[TimeControl "40/5400+30:1800+30"]

1. e4 e5 2. Nf3 Nc6 3. Bc4 Bc5 4. O-O Nf6 5. Nc3 d6 6. h3 h6 7. d3 g5 8. Nh2 Ne7 9. Be3 Bb6 10. d4 Bd7 11. a4 Ng6 12. a5 Bxd4 13. Bxd4 exd4 14. Qxd4 O-O 15. Nd5 Nxd5 16. Bxd5 Rb8 17. b4 a6 18. Rfe1 Qe7 19. Ra3 Qe5 20. Nf3 Qxd4 21. Nxd4 Rfe8 22. Rae3 Kg7 23. Nf3 Re7 24. Kh2 Nf4 25. Bc4 Rbe8 26. Bf1 f5 27. g3 Ng6 28. exf5 Rxe3 29. Rxe3 Rxe3 30. fxe3 Bxf5 31. Nd4 Bd7 32. c4 Ne5 33. b5 Kf6 34. Kg1 c5 35. bxc6 Bxc6 36. Be2 Be4 37. Nb3 Ke7 38. c5 Nc6 39. Bc4 dxc5 40. Nxc5 Nxa5 41. Bxa6 bxa6 42. Nxe4 Nb7 43. Kf2 Ke6 44. Kf3 Kd5 45. Nd2 Nd6 46. Kg4 a5 47. Kh5 Ne4 48. Nb1 Nxg3+ 49. Kxh6 Ne4 50. Kg6 Ke5 51. Na3 a4 52. Nc4+ Ke6 53. Na3 Kd5 54. Kf5 Nf2 55. Kxg5 Nxh3+ 56. Kg4 Nf2+ 57. Kf3 Ne4 58. Ke2 Kc5 59. Kd3 Nf2+ 60. Kc3 Nd1+ 61. Kd2 Nf2 1/2-1/2

[Event "XIV American Continental-ch 2019"]
[Site "Sao Paulo"]
[Date "2019.07.06"]
[Round "2.17"]
[White "Salinas Herrera, Pablo"]
[Black "Curi, Gabriel"]
[Result "0-1"]
[ECO "A06"]
[WhiteElo "2498"]
[BlackElo "2185"]
[Annotator "RC"]
[PlyCount "98"]
[EventDate "2019.07.05"]
[EventType "swiss"]
[EventCountry "BRA"]
[SourceTitle "playchess.com"]
[Source "ChessBase"]
[SourceQuality "1"]
[TimeControl "40/5400+30:1800+30"]

1. Nf3 d5 2. b3 Bg4 3. Bb2 Nd7 4. g3 e6 5. Bg2 Ngf6 6. O-O c6 7. d3 Bc5 8. c4 O-O 9. Nc3 Qe7 10. a3 a5 11. h3 Bh5 12. cxd5 cxd5 13. Nb5 Qd8 14. Nfd4 Qb6 15. a4 h6 16. f4 Rfe8 17. Kh1 e5 18. fxe5 Rxe5 19. g4 Bxg4 20. hxg4 Nxg4 21. e4 Qg6 22. Rf3 dxe4 23. dxe4 Rh5+ 24. Kg1 Nde5 25. Rg3 Rg5 26. Qe2 h5 27. Rc1 h4 28. Rh3 b6 29. Rxc5 bxc5 30. Nf5 Qb6 31. Qd2 Rh5 32. Qf4 Re8 33. Nbd6 Re6 34. Nxf7 Kxf7 35. Nh6+ Ke8 36. Nxg4 c4+ 37. Kh1 Nd3 38. Qd2 Rg6 39. Rxd3 cxd3 40. Bf3 Rhg5 41. Qc3 Qc5 42. Qxc5 Rxc5 43. Ne5 Rg3 44. Bd1 d2 45. Nc4 Rcg5 46. Kh2 Rg2+ 47. Kh3 Rg1 48. Kxh4 Rxd1 49. Nxd2 Rg2 0-1

[Event "XIV American Continental-ch 2019"]
[Site "Sao Paulo"]
[Date "2019.07.06"]
[Round "2.18"]
[White "Abrantes, Tiago Garrido"]
[Black "Cubas, Jose Fernando"]
[Result "0-1"]
[ECO "A40"]
[WhiteElo "2177"]
[BlackElo "2493"]
[Annotator "RC"]
[PlyCount "130"]
[EventDate "2019.07.05"]
[EventType "swiss"]
[EventCountry "BRA"]
[SourceTitle "playchess.com"]
[Source "ChessBase"]
[SourceQuality "1"]
[TimeControl "40/5400+30:1800+30"]

1. d4 Nf6 2. c4 e6 3. g3 c5 4. Nf3 cxd4 5. Nxd4 d5 6. Bg2 e5 7. Nf3 d4 8. O-O Nc6 9. e3 Bc5 10. exd4 exd4 11. Bg5 Be6 12. Nbd2 O-O 13. a3 Be7 14. Rc1 h6 15. Bxf6 Bxf6 16. Ne4 Be7 17. Re1 a5 18. Qa4 Qb6 19. Qb5 Qc7 20. Nc5 Bc8 21. Nd3 a4 22. Nfe5 Ra6 23. Nxc6 bxc6 24. Qe5 Qxe5 25. Nxe5 c5 26. Bd5 Be6 27. Bxe6 Rxe6 28. Nd3 Bd6 29. Rxe6 fxe6 30. Kg2 g5 31. Re1 Rf6 32. g4 Kf7 33. Re4 Ke7 34. f3 Kd7 35. Re1 Rf8 36. Rh1 Rb8 37. Kf2 h5 38. h3 h4 39. Rd1 Bg3+ 40. Kg2 Kd6 41. Rd2 Bf4 42. Rd1 Be3 43. Kf1 e5 44. Ke2 Re8 45. Rf1 Re7 46. Kd1 Rb7 47. Ke2 Bf4 48. Kd1 Bg3 49. Kd2 Re7 50. Kd1 Kc6 51. Kd2 Kd6 52. Kd1 Re8 53. Kd2 Bf4+ 54. Kd1 e4 55. fxe4 Rxe4 56. Rf3 Re8 57. Nxf4 Rf8 58. b3 gxf4 59. bxa4 Ke5 60. a5 Ke4 61. Rb3 f3 62. Ke1 d3 63. Kf2 d2 64. Re3+ Kd4 65. Re7 Rd8 0-1

[Event "XIV American Continental-ch 2019"]
[Site "Sao Paulo"]
[Date "2019.07.06"]
[Round "2.19"]
[White "Hungaski, Robert"]
[Black "Aguilar, Luis Miguel"]
[Result "1-0"]
[ECO "A55"]
[WhiteElo "2488"]
[BlackElo "2175"]
[Annotator "RC"]
[PlyCount "81"]
[EventDate "2019.07.05"]
[EventType "swiss"]
[EventCountry "BRA"]
[SourceTitle "playchess.com"]
[Source "ChessBase"]
[SourceQuality "1"]
[TimeControl "40/5400+30:1800+30"]

1. d4 d6 2. Nf3 Nf6 3. c4 Nbd7 4. Nc3 e5 5. e4 Be7 6. Be2 h6 7. O-O g5 8. g3 c6 9. b3 Qc7 10. Bb2 Nf8 11. dxe5 dxe5 12. Nxe5 Bh3 13. Re1 Rd8 14. Nd5 cxd5 15. exd5 N8h7 16. Bd3 O-O 17. Qf3 Bc8 18. h3 Bd6 19. Ng4 Nxg4 20. hxg4 h5 21. Bxh7+ Kxh7 22. Qf6 Rg8 23. gxh5 Bf8 24. Be5 Bg7 25. Qxg7+ Rxg7 26. Bxc7 Rd7 27. Be5 Rg8 28. Bf6 Rd6 29. Bd4 Kh6 30. Bxa7 Kxh5 31. Kg2 b6 32. Re7 Kg6 33. Bb8 Rf6 34. Be5 Bh3+ 35. Kxh3 Rxf2 36. g4 f6 37. Kg3 Rd2 38. Re6 Rf8 39. Rf1 Rd3+ 40. Rf3 Rxf3+ 41. Kxf3 1-0

[Event "XIV American Continental-ch 2019"]
[Site "Sao Paulo"]
[Date "2019.07.06"]
[Round "2.20"]
[White "Alboredo, Julia"]
[Black "Hambleton, Aman"]
[Result "0-1"]
[ECO "C16"]
[WhiteElo "2175"]
[BlackElo "2487"]
[Annotator "RC"]
[PlyCount "110"]
[EventDate "2019.07.05"]
[EventType "swiss"]
[EventCountry "BRA"]
[SourceTitle "playchess.com"]
[Source "ChessBase"]
[SourceQuality "1"]
[TimeControl "40/5400+30:1800+30"]

1. e4 e6 2. d4 d5 3. Nc3 Bb4 4. e5 Ne7 5. a3 Bxc3+ 6. bxc3 b6 7. Qg4 Ng6 8. h4 h5 9. Qg3 Ba6 10. Bxa6 Nxa6 11. Qd3 Nb8 12. Nf3 Nc6 13. Bg5 Qd7 14. O-O Na5 15. Nd2 Ne7 16. a4 Nf5 17. Rfd1 O-O 18. g3 f6 19. Bf4 Rad8 20. Re1 Qf7 21. Re2 fxe5 22. Bxe5 Nc6 23. Rf1 Rde8 24. Nf3 Nd8 25. Ng5 Qd7 26. c4 Nf7 27. Nxf7 Rxf7 28. a5 dxc4 29. Qxc4 Qd5 30. Qxd5 exd5 31. Ree1 Re6 32. Ra1 Rc6 33. Ra2 Rc4 34. Rd1 Ne7 35. axb6 axb6 36. Rd2 Rf3 37. Ra7 Rfc3 38. Re2 Nc6 39. Ra8+ Kf7 40. Rc8 Nxd4 41. Bxd4 Rxd4 42. Rce8 Re4 43. R8xe4 dxe4 44. Kf1 Kf6 45. Ke1 Ke5 46. Rd2 e3 47. fxe3 Rxe3+ 48. Kf2 Rc3 49. Re2+ Kf5 50. Rd2 Kg4 51. Rd4+ Kh3 52. Rd7 Rxc2+ 53. Kf3 Rc3+ 54. Kf4 Rxg3 55. Rxc7 Kxh4 0-1

[Event "XIV American Continental-ch 2019"]
[Site "Sao Paulo"]
[Date "2019.07.06"]
[Round "2.21"]
[White "Vazquez, Guillermo"]
[Black "Fiaes, Mario Henrique Andra"]
[Result "1-0"]
[ECO "B32"]
[WhiteElo "2483"]
[BlackElo "2173"]
[Annotator "RC"]
[PlyCount "55"]
[EventDate "2019.07.05"]
[EventType "swiss"]
[EventCountry "BRA"]
[SourceTitle "playchess.com"]
[Source "ChessBase"]
[SourceQuality "1"]
[TimeControl "40/5400+30:1800+30"]

1. e4 c5 2. Nf3 Nc6 3. d4 cxd4 4. Nxd4 Qb6 5. Nb3 Nf6 6. Bd3 e6 7. O-O Be7 8. c4 d6 9. Nc3 a6 10. Be3 Qc7 11. Rc1 Ne5 12. Be2 O-O 13. f4 Ned7 14. g4 b6 15. g5 Ne8 16. Nd4 Bb7 17. Bf3 g6 18. f5 exf5 19. exf5 Ne5 20. Nd5 Nxf3+ 21. Qxf3 Bxd5 22. cxd5 Qd7 23. f6 Bd8 24. Nc6 b5 25. Rfe1 h5 26. Bd4 a5 27. Re7 Qc8 28. Rxe8 1-0

[Event "XIV American Continental-ch 2019"]
[Site "Sao Paulo"]
[Date "2019.07.06"]
[Round "2.22"]
[White "Bueno, Alfeu Junior Varela"]
[Black "Santiago, Yago De Moura"]
[Result "0-1"]
[ECO "C03"]
[WhiteElo "2169"]
[BlackElo "2473"]
[Annotator "RC"]
[PlyCount "70"]
[EventDate "2019.07.05"]
[EventType "swiss"]
[EventCountry "BRA"]
[SourceTitle "playchess.com"]
[Source "ChessBase"]
[SourceQuality "1"]
[TimeControl "40/5400+30:1800+30"]

1. e4 e6 2. d4 d5 3. Nd2 h6 4. Bd3 c5 5. dxc5 Bxc5 6. Ngf3 Ne7 7. Qe2 Nbc6 8. Nb3 Bd6 9. c3 dxe4 10. Bxe4 Qc7 11. Nbd4 Nxd4 12. Nxd4 a6 13. g3 e5 14. Nc2 f5 15. Bg2 Be6 16. Be3 O-O 17. f4 Bc4 18. Qf2 exf4 19. Bxf4 Bxf4 20. Qxf4 Qxf4 21. gxf4 Ng6 22. Ne3 Nxf4 23. Bxb7 Rae8 24. Kf2 Nd3+ 25. Kf3 Bf7 26. Bd5 Ne5+ 27. Kg2 f4 28. Bxf7+ Rxf7 29. Nd1 Nd3 30. Kf3 g5 31. a4 h5 32. h3 g4+ 33. hxg4 hxg4+ 34. Kxg4 Rg7+ 35. Kf5 Kf7 0-1